 Dungeon Crawl Stone Soup version 0.30-a0-6-g7c9e10e132 (webtiles) character file.

Game seed: 2755246516242682594

1869251 greasedhog the Gargoyle Catastrophe (level 27, 197/197 HPs)
             Began as a Gargoyle Delver on Aug 23, 2022.
             Was an Elder of Qazlal.
             Escaped with the Orb
             ... and 3 runes!
             The game lasted 02:11:13 (54787 turns).

greasedhog the Gargoyle Catastrophe (GrDe)         Turns: 54787, Time: 02:11:14

Health: 197/197    AC: 64    Str: 42      XL:     27
Magic:  40/40      EV: 15    Int: 17 (19) God:    Qazlal [****..]
Gold:   5802       SH: 29    Dex: 20      Spells: 26/26 levels left

rFire   + + +      SeeInvis .    H - +9 demon whip (flame)
rCold   + + .      Faith    .    v - +4 kite shield "Kurueff" {*Corrode rN+ Str+4}
rNeg    + + .      Spirit   .    a - +6 plate armour "Putass" {Str+5 Stlth+}
rPois   ∞          Reflect  +    S - +0 helmet of Liberalism {rC+ Regen+}
rElec   +          Harm     .    U - +2 cloak
rCorr   +          Rampage  .    E - +0 pair of gloves of Nyiruch {rF+ rCorr Int+7 Dex+3}
Will    +++..                    z - +2 pair of boots {Fly}
Stlth   ..........               T - amulet of reflection
HPRegen 2.02/turn                M - ring of Xoqision {rC+ Will+ Dex+4}
MPRegen 0.27/turn                L - ring "Huxyviqips" {rF+ AC+4 Str+4 Dex+4}

@: flying, studying Axes, repel missiles
A: sickness immunity, AC +20, big wings, negative energy resistance 1,
electricity resistance, torment resistance 1, petrification resistance, clumsy
1, fire resistance 1, regeneration 1, subdued magic 1, inability to read after
injury 2
0: Orb of Zot
}: 3/15 runes: decaying, serpentine, silver
a: Renounce Religion, Upheaval, Elemental Force


You escaped.
You worshipped Qazlal.
Qazlal was greatly pleased with you.
You visited 9 branches of the dungeon, and saw 45 of its levels.
You also visited: Gauntlet and Ice Cave.

You collected 7606 gold pieces.
You spent 1804 gold pieces at shops.

Inventory:

Hand Weapons
 H - a +9 demon whip of flaming (weapon)
Missiles
 q - 3 throwing nets (quivered)
Armour
 a - the +6 plate armour "Putass" (worn) {Str+5 Stlth+}
   (You found it on level 5 of the Vaults)

   Str:       It affects your strength (+5).
   Stlth:     It makes you more stealthy.
 v - the +4 kite shield "Kurueff" (worn) {*Corrode rN+ Str+4}
   (You acquired it on level 3 of the Vaults)

   Str:       It affects your strength (+4).
   rN:        It protects you from negative energy.
   *Corrode:  It may corrode you when you take damage.
 y - a +0 cloak of preservation
 z - a +2 pair of boots of flying (worn)
 E - the +0 pair of gloves of Nyiruch (worn) {rF+ rCorr Int+7 Dex+3}
   (You found it on level 3 of the Lair of Beasts)

   Int:       It affects your intelligence (+7).
   Dex:       It affects your dexterity (+3).
   rF:        It protects you from fire.
   rCorr:     It protects you from acid and corrosion.
 S - the +0 helmet of Liberalism (worn) {rC+ Regen+}
   (You found it on level 12 of the Dungeon)

   rC:        It protects you from cold.
   Regen:     It increases your rate of health regeneration.
 U - a +2 cloak (worn)
Jewellery
 b - a ring of positive energy
 p - a ring of protection from cold
 u - an amulet of regeneration
 I - a ring of protection from fire
 L - the ring "Huxyviqips" (right hand) {rF+ AC+4 Str+4 Dex+4}
   (You found it on level 5 of the Lair of Beasts)

   [ring of protection]

   AC:        It affects your AC (+4).
   Str:       It affects your strength (+4).
   Dex:       It affects your dexterity (+4).
   rF:        It protects you from fire.
 M - the ring of Xoqision (left hand) {rC+ Will+ Dex+4}
   (You found it on level 5 of the Lair of Beasts)

   [ring of willpower]

   Dex:       It affects your dexterity (+4).
   rC:        It protects you from cold.
   Will:      It increases your willpower.
 Q - a ring of positive energy
 T - an amulet of reflection (around neck)
 X - the ring "Ellal" {rF- rN+ Will++ Dex+6}
   (You found it on level 4 of the Swamp)

   [ring of dexterity]

   Dex:       It affects your dexterity (+6).
   rF:        It makes you vulnerable to fire.
   rN:        It protects you from negative energy.
   Will:      It greatly increases your willpower.
Wands
 g - a wand of digging (13)
 i - a wand of flame (157)
 m - a wand of charming (42)
 B - a wand of iceblast (15)
 G - a wand of polymorph (19)
 P - a wand of quicksilver (22)
 R - a wand of mindburst (31)
Scrolls
 c - 15 scrolls of fog
 e - 8 scrolls of immolation
 h - 23 scrolls of teleportation
 k - 5 scrolls of enchant weapon
 l - 2 scrolls of magic mapping
 n - 7 scrolls of poison
 r - 4 scrolls of amnesia
 C - 6 scrolls of silence
 D - 6 scrolls of fear
 V - 2 scrolls of summoning
 Z - 2 scrolls of blinking
Potions
 d - 3 potions of brilliance
 f - 6 potions of mutation
 j - 10 potions of might
 o - 12 potions of attraction
 s - 7 potions of berserk rage
 t - 5 potions of ambrosia
 x - a potion of magic
 A - 28 potions of curing
 F - 4 potions of heal wounds
 J - 12 potions of lignification
 K - 3 potions of resistance
 N - 6 potions of cancellation
 O - 3 potions of invisibility
 Y - 4 potions of haste
Miscellaneous
 w - a lightning rod (4/4)


   Skills:
 * Level 26.8 Fighting
 - Level 12.0 Maces & Flails
 * Level 25.4 Armour
 - Level 10.0 Dodging
 - Level 5.5 Stealth
 - Level 15.0 Shields
 O Level 27 Invocations
 - Level 10.3 Evocations


You had 26 spell levels left.
You didn't know any spells.
Your spell library contained the following spells:

 Spells                   Type           Power      Damage    Failure   Level
 Apportation              Tloc           0%         N/A       63%         1
 Beastly Appendage        Tmut           0%         N/A       63%         1
 Foxfire                  Conj/Fire      0%         2x1d4     63%         1
 Freeze                   Ice            0%         1d3       63%         1
 Magic Dart               Conj           0%         1d3       63%         1
 Necrotise                Necr           0%         1d4       63%         1
 Shock                    Conj/Air       0%         1d3       63%         1
 Slow                     Hex            0%         N/A       63%         1
 Sting                    Tmut/Pois      0%         1d3       63%         1
 Summon Small Mammal      Summ           0%         N/A       63%         1
 Blink                    Tloc           0%         N/A       77%         2
 Call Imp                 Summ           0%         N/A       77%         2
 Ensorcelled Hibernation  Hex/Ice        0%         N/A       77%         2
 Poisonous Vapours        Pois/Air       0%         N/A       77%         2
 Scorch                   Fire           0%         2d5       77%         2
 Searing Ray              Conj           0%         2d4       77%         2
 Static Discharge         Conj/Air       0%         3-3/arc   77%         2
 Wereblood                Tmut           0%         N/A       77%         2
 Confusing Touch          Hex            0%         N/A       94%         3
 Conjure Flame            Conj/Fire      0%         6-21      94%         3
 Dazzling Flash           Conj/Hex       0%         N/A       94%         3
 Frozen Ramparts          Ice            0%         1d1       94%         3
 Gell's Gravitas          Tloc           0%         N/A       94%         3
 Ignite Poison            Fire/Tmut/Pois 0%         N/A       94%         3
 Inner Flame              Hex/Fire       0%         N/A       94%         3
 Lesser Beckoning         Tloc           0%         N/A       94%         3
 Mephitic Cloud           Conj/Pois/Air  0%         N/A       94%         3
 Portal Projectile        Hex/Tloc       0%         N/A       94%         3
 Spider Form              Tmut/Pois      0%         N/A       94%         3
 Summon Guardian Golem    Hex/Summ       0%         N/A       94%         3
 Swiftness                Air            0%         N/A       94%         3
 Teleport Other           Tloc           0%         N/A       94%         3
 Tukima's Dance           Hex            0%         N/A       94%         3
 Vampiric Draining        Necr           0%         2d6       94%         3
 Airstrike                Air            0%         2d(0-16)  100%        4
 Anguish                  Hex/Necr       0%         N/A       100%        4
 Animate Armour           Summ/Erth      0%         N/A       100%        4
 Animate Dead             Necr           0%         N/A       100%        4
 Cause Fear               Hex            0%         N/A       100%        4
 Corpse Rot               Necr/Pois/Air  0%         N/A       100%        4
 Dispel Undead            Necr           0%         3d6       100%        4
 Flame Wave               Conj/Fire      0%         2d4       100%        4
 Fulminant Prism          Conj/Hex       0%         3d6       100%        4
 Hailstorm                Conj/Ice       0%         3d3       100%        4
 Ice Form                 Ice/Tmut       0%         N/A       100%        4
 Iskenderun's Mystic Bla  Conj/Tloc      0%         2d3       100%        4
 Leda's Liquefaction      Hex/Erth       0%         N/A       100%        4
 Olgreb's Toxic Radiance  Pois           0%         N/A       100%        4
 Passage of Golubria      Tloc           0%         N/A       100%        4
 Petrify                  Tmut/Erth      0%         N/A       100%        4
 Sticky Flame             Conj/Fire      0%         2d3       100%        4
 Summon Ice Beast         Ice/Summ       0%         N/A       100%        4
 Agony                    Necr           0%         N/A       100%        5
 Alistair's Intoxication  Tmut/Pois      0%         N/A       100%        5
 Blade Hands              Tmut           0%         N/A       100%        5
 Borgnjor's Vile Clutch   Necr/Erth      0%         N/A       100%        5
 Irradiate                Conj/Tmut      0%         3d11      100%        5
 Iskenderun's Battlesphe  Conj           0%         2d6       100%        5
 Lee's Rapid Deconstruct  Erth           0%         3d5*      100%        5
 Lightning Bolt           Conj/Air       0%         1d11      100%        5
 Manifold Assault         Tloc           0%         N/A       100%        5
 Metabolic Englaciation   Hex/Ice        0%         N/A       100%        5
 Silence                  Hex/Air        0%         N/A       100%        5
 Summon Forest            Summ/Tloc      0%         N/A       100%        5
 Yara's Violent Unravell  Hex/Tmut       0%         3d3       100%        5
 Death Channel            Necr           0%         N/A       100%        6
 Eringya's Noxious Bog    Tmut/Pois      0%         N/A       100%        6
 Iron Shot                Conj/Erth      0%         9d1       100%        6
 Simulacrum               Ice/Necr       0%         N/A       100%        6
 Starburst                Conj/Fire      0%         6d3       100%        6
 Summon Cactus Giant      Summ           0%         N/A       100%        6
 Dragon Form              Tmut           0%         N/A       100%        7
 Orb of Destruction       Conj           0%         9d5       100%        7
 Spellforged Servitor     Conj/Summ      0%         N/A       100%        7
 Summon Hydra             Summ           0%         N/A       100%        7
 Discord                  Hex            0%         N/A       100%        8
 Lehudib's Crystal Spear  Conj/Erth      0%         10d2      100%        8
 Maxwell's Capacitive Co  Air            0%         ∞         100%        8
 Dragon's Call            Summ           0%         N/A       100%        9
 Sublimation of Blood     Necr           Unusable   N/A       N/A         2
 Statue Form              Tmut/Erth      Unusable   N/A       N/A         6

Dungeon Overview and Level Annotations

Branches:
Dungeon (15/15)            Temple (1/1) D:7            Lair (5/5) D:11
  Swamp (4/4) Lair:2        Snake (4/4) Lair:3        Slime (0/5) Lair:4
    Orc (2/2) D:9             Elf (0/3) Orc:2        Vaults (5/5) D:13
  Crypt (0/3) Vaults:2     Depths (4/4) D:15            Zot (5/5) Depths:4
  IceCv (visited)         Gauntlet (visited)

Altars:
Elyvilon
Fedhas
Hepliaklqana
Kikubaaqudgha
Makhleb
Nemelex Xobeh
Okawaru
Qazlal
Ru
Sif Muna
Trog
Uskayaw
Vehumet
Wu Jian
Xom
The Shining One
Lugonu

Shops:
Orc:1 =   Orc:2 (!*=   Snake:1 (   Snake:4 =!=*   Vaults:5 !   Depths:1 :

Portals:
Hell: Depths:1 Depths:2 Depths:3 Depths:4
Abyss: Zot:5 Depths:2 Depths:3 Depths:4
Pandemonium: Depths:2
Ziggurat: Depths:2
Trove: Depths:2 (give 6 scrolls of blinking)


Innate Abilities, Weirdness & Mutations

You are immune to sickness and miasma.
Your stone body is resilient. (AC +20)
You are immune to poison.
Your large and strong wings let you fly.
You resist negative energy. (rN+)
You are resistant to electric shocks. (rElec)
You are resistant to unholy torment.
You are immune to petrification.
You are clumsy. (Dex -2)
Your flesh is heat resistant. (rF+)
Your natural rate of healing is unusually fast.
Your spells are a little easier to cast, but a little less powerful.
You sometimes lose the ability to read scrolls when taking damage.


Message History

The Executioner is heavily wounded.
The Executioner completely misses you. You block the Executioner's attack. x2
You thrash the Executioner!! You burn the Executioner.
The Executioner is almost dead.
The Executioner is engulfed in blazing flames.
The Executioner gestures.
The Executioner seems to speed up.
You thrash the Executioner!!
You kill the Executioner!
Qazlal accepts your kill.
No target in view!
No target in view!
No target in view!
No target in view!
No target in view!
No target in view!
No target in view!
No target in view!
No target in view!
No target in view!
No target in view!
(D) Dungeon (T) Temple (L) Lair (S) Swamp (P) Snake Pit (M) Slime Pits (O) Orcish Mines (E) Elven Halls (V) Vaults (C) Crypt (U) Depths (H) Hell (Z) Zot
Where to? (Enter - D:1, ? - help)
What level of the Dungeon? (default 1, ? - help)
There is a stone staircase leading up here.
You fly upwards.
There is a stone staircase leading down here.
There is a stone staircase leading up here.
You fly upwards.
There is a stone staircase leading down here.
There is a stone staircase leading up here.
You fly upwards.
There is a stone staircase leading down here.
There is a stone staircase leading down here.
There is an open door here.
There is a staircase leading out of the dungeon here.
You have escaped!

....#.## ##### #.##.##..#########
###....### #.##.....#...#...#
.†.......#######.#...###.........
.#####...........................
......)##..(........###..........
#############..###...##..........
..######..##..#####..###.........
.......#..#...'..##...###...#...#
#..#####|.#..##○@#....###########
##.# #..'..##..#.#...# #.##
#'##..#####.#.#.#####
#..####.+..########.#.....##
###.##.###..#....# #.#####..#
.....).##...'....# #.# ##.##
###...###..#########.######..##
....#.........................#
###....###....#......##########


There were no monsters in sight!

Vanquished Creatures
  5 dread liches
  2 orbs of fire (Zot:5)
  Mara (Swamp:3)
  Josephina (Depths:2)
  Vv (Zot:1)
  Frederick (Depths:4)
  A pandemonium lord (Depths:2)
  10 Killer Klowns
  Margery (Vaults:5)
  Bai Suzhen (Swamp:3)
  3 curse toes
  10 golden dragons
  A profane servitor (Zot:4)
  A bone dragon (Depths:4)
  3 doom hounds (Depths:2)
  3 Tzitzimimeh (Depths:2)
  2 hellephants (Vaults:1)
  2 electric golems (Zot:5)
  An iron giant (Zot:5)
  5 liches
  16 tentacled monstrosities
  Grunn (Depths:2)
  25 Orb Guardians
  A walking frostbound tome (Depths:2)
  5 titans
  7 quicksilver dragons
  Gastronok (Lair:2)
  Frances (D:13)
  8 sphinxes
  2 ancient champions (Depths:2)
  2 Executioners
  9 death cobs
  10 shadow dragons
  Kirke (D:13)
  4 storm dragons
  7 tengu reavers
  7 draconian monks
  An azure jelly (Swamp:4)
  8 nagarajas (Snake:4)
  The ghost of gdog the Covert, an adept GnDe of Gozag (Snake:2)
  2 thorn hunters
  3 deep elf sorcerers
  16 frost giants
  Roxanne (Swamp:4)
  10 draconian knights
  4 fire giants
  5 draconian scorchers
  20 vault wardens
  2 balrugs (D:15)
  Aizul (Snake:1)
  4 draconian shifters
  2 cacodemons
  8 draconian stormcallers
  2 demonspawn corrupters (Depths:1)
  2 iron dragons (Vaults:5)
  24 ironbound preservers
  2 spriggan defenders (Depths:4)
  5 reapers
  3 war gargoyles
  58 very ugly things
  9 ironbound thunderhulks
  9 draconian annihilators
  A ghoul (Swamp:2)
  Nessos (D:15)
  10 black draconians
  13 green draconians
  3 vampire knights (Depths:2)
  An entropy weaver (Vaults:4)
  24 stone giants
  6 eleionomae
  2 putrid mouths (Depths:2)
  A deep elf demonologist (Vaults:5)
  A minotaur (Gauntlet)
  8 purple draconians
  A deep elf annihilator (Vaults:5)
  18 white draconians
  19 yellow draconians
  7 dire elephants
  10 spark wasps
  2 bunyips
  16 red draconians
  3 crystal guardians
  2 shambling mangroves (Swamp:2)
  12 ettins
  A deep elf death mage (Depths:2)
  11 yaktaur captains
  13 fire dragons
  2 deep elf high priests
  4 boulder beetles
  A hydra (shapeshifter) (Depths:3)
  2 salamander tyrants
  10 great orbs of eyes
  12 hydras
  36 vault guards
  A caustic shrike simulacrum (IceCv)
  2 ogre magi
  A hell beast (Zot:1)
  4 rakshasas
  4 spriggan air magi
  A catoblepas (Lair:5)
  2 peacekeepers
  A juggernaut simulacrum (Depths:3)
  15 ice dragons
  A two-headed ogre (D:11)
  8 ironbound frosthearts
  13 centaur warriors
  3 ghost crabs
  3 anacondas
  The ghost of SirDiesAlot the Blocker, a novice MiGl of Uskayaw (D:10)
  8 deep troll shamans
  12 naga warriors
  6 tengu warriors
  9 alligators
  A hell hog (Depths:1)
  9 death yaks
  13 deep troll earth magi
  8 sun demons
  A vampire mage (Vaults:2)
  3 soul eaters
  25 hell knights
  3 orc high priests (Orc:2)
  14 naga sharpshooters
  2 spriggan berserkers
  3 shock serpents
  A deep elf knight (D:15)
  7 iron trolls
  Nergalle (D:10)
  4 sixfirhies
  A flayed ghost (Depths:3)
  4 salamander mystics
  2 sea snakes (Snake:4)
  4 skeletal warriors (D:15)
  3 glowing orange brains
  7 goliath frogs
  A spriggan druid (Swamp:2)
  A cherub (Zot:5)
  6 swamp dragons
  73 deep trolls
  A shadow demon (Depths:1)
  An obsidian statue (IceCv)
  3 deep elf archers
  2 lindwurms (Vaults:2)
  7 phantasmal warriors
  6 naga ritualists
  13 harpies
  4 spriggan simulacra (IceCv)
  4 bog bodies
  18 ironbound convokers
  6 deep elf pyromancers
  14 wizards
  11 necromancers
  7 orc knights
  2 oklob plants (D:11)
  5 will-o-the-wisps
  A human zombie (Vaults:3)
  43 ugly things
  4 orc sorcerers (Orc:2)
  3 mana vipers
  3 manticores
  8 elephants
  22 moths of wrath
  10 salamanders
  16 cyclopes
  6 guardian serpents
  An ice statue (Swamp:1)
  14 naga magi
  13 vault sentinels
  Maurice (D:12)
  A rust devil (Depths:2)
  5 smoke demons
  3 large abominations (Depths:2)
  37 black mambas
  A stone giant skeleton (Vaults:3)
  2 gargoyles
  3 orange demons
  A torpor snail (Lair:3)
  10 cane toads
  2 rime drakes
  7 komodo dragons
  35 yaktaurs
  11 freezing wraiths
  6 tengu conjurers
  2 efreet
  5 ice devils (IceCv)
  A spark wasp simulacrum (Depths:3)
  4 tormentors
  A red devil (Depths:2)
  9 trolls
  A golden dragon simulacrum (Depths:3)
  11 hornets
  2 polar bears
  A shadow dragon simulacrum (Depths:3)
  3 meliai (Gauntlet)
  A dream sheep (D:7)
  A sphinx simulacrum (Depths:3)
  13 slime creatures
  12 tyrant leeches
  18 blink frogs
  A slime creature (shapeshifter) (Vaults:5)
  Sigmund (D:5)
  A centaur simulacrum (D:14)
  6 shadows
  2 water elementals (Depths:2)
  4 vampires
  2 dire elephant simulacra (IceCv)
  58 yaks
  14 spriggans
  A yak (shapeshifter) (Vaults:5)
  5 wraiths
  A basilisk (shapeshifter) (D:13)
  7 hogs (D:13)
  A fire elemental (Depths:1)
  2 basilisks (Lair:4)
  A chaos spawn (Depths:2)
  2 wyverns
  2 neqoxecs
  A yaktaur simulacrum (Vaults:3)
  A redback (shapeshifter) (Vaults:5)
  2 minotaur simulacra (IceCv)
  A redback (Vaults:4)
  5 swamp worm simulacra (Swamp:4)
  3 steam dragons
  7 wargs
  11 vampire mosquitoes
  37 nagas
  2 harpy simulacra (IceCv)
  16 swamp worms
  An acid dragon (D:11)
  9 water moccasins
  A floating eye (shapeshifter) (Vaults:5)
  15 hydra simulacra (Swamp:4)
  4 swamp drakes
  A black bear (Lair:5)
  17 orc warriors
  A sky beast (D:7)
  An ice beast (D:5)
  An alligator simulacrum (IceCv)
  14 wolves
  10 ogres
  A boggart (shapeshifter) (Vaults:5)
  5 boggarts (D:14)
  A phantom (D:5)
  12 centaurs
  A human skeleton (Vaults:3)
  A kobold brigand (D:10)
  14 bullfrogs
  2 deep troll simulacra (IceCv)
  4 scorpions
  11 killer bees
  2 lindwurm simulacra (IceCv)
  12 electric eels
  7 howler monkeys
  A lava snake (D:15)
  4 crimson imps (D:4)
  2 jellies (D:5)
  19 orc priests
  2 gnoll boudas
  2 hounds (D:5)
  3 iguanas
  30 orc wizards
  9 hell rats
  5 gnolls
  7 adders
  8 river rats (D:5)
  5 shadow imps
  2 white imps
  3 swamp drake simulacra (Swamp:4)
  An ufetubus (D:5)
  A worm (D:3)
  6 dart slugs
  73 orcs
  3 endoplasms
  3 giant cockroaches
  10 goblins
  5 hobgoblins
  9 jackals
  10 kobolds
  6 quokkas
  7 ball pythons
  10 bats
  A frilled lizard (D:1)
  18 rats
  5 briar patches (Lair:3)
  A butterfly (Lair:5)
  A fire vortex (D:15)
  A lurking horror (Zot:5)
1985 creatures vanquished.

Vanquished Creatures (collateral kills)
  Vashnia (Snake:4)
  A bone dragon (Depths:2)
  Jorgrun (D:12)
  A nagaraja (Snake:4)
  2 vault guards (Vaults:2)
  2 deep trolls (Vaults:3)
  An ironbound convoker (Vaults:2)
  A vault sentinel (Vaults:2)
  2 vampire mosquitoes (D:10)
  A naga (Snake:4)
  An endoplasm (D:2)
14 creatures vanquished.

Vanquished Creatures (others)
  4 draconian knights
  A fenstrider witch (Swamp:4)
  2 bunyips
  A spriggan (Swamp:3)
  A bog body (Swamp:3)
  A deep troll (Vaults:4)
  A wizard (Depths:2)
  6 bloated husks
  2 hornets (Swamp:3)
  A chaos spawn (Depths:2)
  2 swamp worms
  An ice beast (D:8)
  2 orc wizards
  A gnoll (D:3)
  An orc (D:8)
  A briar patch (Lair:3)
  18 foxfires
  27 fungi
  76 plants
149 creatures vanquished.

Grand Total: 2148 creatures vanquished

Notes
Turn   | Place    | Note
-------+----------+-------------------------------------------
     0 | D:5      | greasedhog the Gargoyle Delver began the quest for the Orb.
     0 | D:5      | Reached XP level 1. HP: 14/14 MP: 1/1
    68 | D:5      | Noticed a scorpion
   376 | D:5      | Found a burning altar of Makhleb.
   716 | D:5      | Reached XP level 2. HP: 19/19 MP: 2/2
   752 | D:5      | Noticed a howler monkey
   780 | D:5      | Noticed a water moccasin
  1297 | D:2      | Reached XP level 3. HP: 24/24 MP: 3/3
  1470 | D:1      | Found a faded altar of an unknown god.
  1943 | D:1      | Reached XP level 4. HP: 29/29 MP: 4/4
  2712 | D:3      | Found a stormy altar of Qazlal.
  2761 | D:3      | Became a worshipper of Qazlal Stormbringer
  3119 | D:3      | Reached XP level 5. HP: 29/34 MP: 5/5
  3141 | D:3      | Reached skill level 5 in Fighting
  3239 | D:3      | Reached skill level 1 in Armour
  3240 | D:3      | Found a radiant altar of Vehumet.
  3269 | D:3      | Reached XP level 6. HP: 17/40 MP: 6/6
  3441 | D:3      | Found an ancient bone altar of Kikubaaqudgha.
  3450 | D:3      | Found a shimmering blue altar of Sif Muna.
  3455 | D:3      | Got Sif Muna's Quarto of the Commander
  3478 | D:3      | You fall into a shaft and drop 2 floors!
  3585 | D:4      | Found an iron altar of Okawaru.
  3641 | D:4      | Found a shimmering altar of Xom.
  3652 | D:4      | Reached skill level 5 in Maces & Flails
  3744 | D:4      | Reached XP level 7. HP: 33/44 MP: 7/7
  4584 | D:4      | Reached * piety under Qazlal
  5026 | D:5      | Reached skill level 5 in Armour
  5053 | D:5      | Reached XP level 8. HP: 43/49 MP: 8/8
  5099 | D:5      | Noticed Sigmund
  5104 | D:5      | Killed Sigmund
  5613 | D:5      | Reached ** piety under Qazlal
  5780 | D:5      | Noticed a hornet
  5814 | D:5      | Killed a hornet
  5815 | D:5      | Reached XP level 9. HP: 15/54 MP: 9/9
  6585 | D:6      | Found a white marble altar of Elyvilon.
  6819 | D:6      | Identified the +2 robe "Mobib" {*Corrode rN+++ Will+ Str+5}
  7684 | D:7      | Found a blossoming altar of Fedhas.
  8057 | D:7      | Reached skill level 5 in Dodging
  8215 | D:7      | Found a staircase to the Ecumenical Temple.
  8454 | Temple   | Entered the Ecumenical Temple
  8779 | D:7      | Reached skill level 1 in Invocations
  9174 | D:8      | Reached skill level 2 in Invocations
  9178 | D:8      | Reached skill level 10 in Maces & Flails
  9178 | D:8      | Reached skill level 3 in Invocations
  9178 | D:8      | Reached XP level 10. HP: 20/59 MP: 10/12
  9191 | D:7      | Reached *** piety under Qazlal
  9582 | D:8      | Reached skill level 4 in Invocations
  9681 | D:8      | Gained mutation: You are partially covered in iridescent
                  | scales. (AC +2) [potion of mutation]
  9681 | D:8      | Gained mutation: You have large cloven feet. [potion of
                  | mutation]
  9681 | D:8      | Gained mutation: You have a pair of small antennae on your
                  | head. [potion of mutation]
 10335 | D:8      | Reached skill level 5 in Invocations
 10911 | D:9      | Found a staircase to the Orcish Mines.
 10921 | D:9      | Reached skill level 6 in Invocations
 10960 | D:9      | Reached **** piety under Qazlal
 11398 | D:9      | Reached skill level 7 in Invocations
 11846 | D:10     | Entered Level 10 of the Dungeon
 12014 | D:10     | Reached XP level 11. HP: 35/63 MP: 16/16
 12578 | D:10     | Reached skill level 8 in Invocations
 13342 | D:10     | Found a sacrificial altar of Ru.
 13578 | D:10     | Found a bloodstained altar of Trog.
 13578 | D:10     | Found a glowing golden altar of the Shining One.
 13645 | D:10     | Found a runed translucent gate.
 13645 | D:10     | Found a runed translucent gate.
 13666 | D:10     | Found a runed translucent gate.
 13669 | D:10     | Noticed SirDiesAlot's ghost (novice MiGl)
 13784 | D:11     | Noticed a boulder beetle
 13804 | D:11     | Noticed Nergalle
 13836 | D:10     | Killed a boulder beetle
 13978 | D:10     | Killed Nergalle
 14043 | D:11     | Noticed a cyclops
 14052 | D:10     | Reached ***** piety under Qazlal
 14053 | D:10     | Reached skill level 9 in Invocations
 14107 | D:10     | Killed a cyclops
 14150 | D:11     | Noticed a boulder beetle
 14205 | D:11     | Killed a boulder beetle
 14227 | D:11     | Noticed a boulder beetle
 14294 | D:10     | Killed a boulder beetle
 14295 | D:10     | Reached skill level 10 in Invocations
 14359 | D:11     | Noticed a two-headed ogre
 14368 | D:11     | Killed a two-headed ogre
 14406 | D:11     | Noticed a seven-headed hydra
 14415 | D:11     | Killed a seven-headed hydra
 14416 | D:11     | Reached XP level 12. HP: 65/75 MP: 19/19
 14629 | D:11     | Found a staircase to the Lair.
 15122 | Lair:1   | Entered Level 1 of the Lair of Beasts
 15141 | Lair:1   | Reached skill level 11 in Invocations
 15209 | Lair:1   | Found a gate leading to a gauntlet.
 15302 | Gauntlet | Entered a Gauntlet
 15302 | Gauntlet | Found a transporter.
 15302 | Gauntlet | Found a transporter.
 15302 | Gauntlet | Found a transporter.
 15305 | Gauntlet | Found a transporter.
 15306 | Gauntlet | Found a transporter.
 15316 | Gauntlet | Found a transporter.
 15382 | Gauntlet | Found a transporter.
 15392 | Gauntlet | Found a transporter.
 15407 | Gauntlet | Found a transporter.
 15419 | Gauntlet | Found a transporter.
 15432 | Gauntlet | Found a transporter.
 15438 | Gauntlet | Found a transporter.
 15635 | Gauntlet | Identified the +0 hat of the Distant Future {rF++ Str-3
                  | Dex+9 SInv}
 15701 | Gauntlet | Identified the ring "Wionnuecee" {Fire Dex+4}
 15720 | Gauntlet | Identified the +5 chain mail of Mirth {Int+3}
 15720 | Gauntlet | Noticed a minotaur
 15743 | Gauntlet | Killed a minotaur
 15859 | Lair:1   | Reached skill level 10 in Fighting
 16149 | Lair:1   | Reached skill level 12 in Invocations
 16590 | Lair:2   | You fall into a shaft and drop 2 floors!
 16708 | Lair:3   | Found a transporter.
 16748 | Lair:2   | Noticed Gastronok
 16785 | Lair:2   | Found a staircase to the Swamp.
 16853 | Lair:2   | Reached skill level 13 in Invocations
 16935 | Lair:2   | Reached XP level 13. HP: 82/82 MP: 22/22
 17085 | Lair:2   | Killed Gastronok
 17371 | Lair:2   | Reached skill level 10 in Armour
 17758 | Lair:3   | Found an iron altar of Okawaru.
 17853 | Lair:3   | Found a transporter.
 17993 | Lair:3   | Found a staircase to the Snake Pit.
 18007 | Lair:3   | Reached skill level 14 in Invocations
 18088 | Lair:3   | Identified the +4 whip "Qeattiu" {pain, rN+ Dex+2 Stlth+}
 18532 | D:10     | Killed SirDiesAlot's ghost
 18891 | Lair:4   | Found a staircase to the Slime Pits.
 19013 | Lair:4   | Identified the +1 leather armour of the Unseen Realm {Fly}
 19663 | Lair:5   | Entered Level 5 of the Lair of Beasts
 19728 | Lair:4   | Reached skill level 15 in Invocations
 19959 | Lair:5   | Gained mutation: Your large and strong wings let you fly.
                  | [Gargoyle growth]
 19959 | Lair:5   | Reached XP level 14. HP: 77/88 MP: 25/25
 20343 | Lair:5   | Reached skill level 16 in Invocations
 20401 | Lair:5   | Identified the ring "Huxyviqips" {rF+ AC+4 Str+4 Dex+4}
 20405 | Lair:5   | Identified the ring of Xoqision {rC+ Will+ Dex+4}
 20986 | Lair:3   | Identified the +0 pair of gloves of Nyiruch {rF+ rCorr
                  | Int+7 Dex+3}
 20991 | Lair:3   | Identified the amulet of Wishful Thinking {RegenMP Int+6}
 21075 | Orc:1    | Entered Level 1 of the Orcish Mines
 21346 | Orc:2    | Entered Level 2 of the Orcish Mines
 21807 | Orc:1    | Found Zudwile's Jewellery Shop.
 21830 | Orc:1    | Found a radiant altar of Vehumet.
 22041 | Orc:2    | Found a staircase to the Elven Halls.
 22400 | Orc:2    | Found Haush's Jewellery Shop.
 22404 | Orc:2    | Found Jejaskoq's General Store.
 22411 | Orc:2    | Bought a scroll of poison for 64 gold pieces
 22411 | Orc:2    | Found Buris's Distillery.
 22413 | Orc:2    | Found Ittooreh's Antique Weapon Shop.
 22419 | Orc:2    | Bought a potion of might for 60 gold pieces
 22419 | Orc:2    | Bought a potion of berserk rage for 75 gold pieces
 22419 | Orc:2    | Bought a potion of resistance for 150 gold pieces
 22766 | D:12     | Reached skill level 17 in Invocations
 22816 | D:12     | Noticed Jorgrun
 22841 | D:12     | Killed Jorgrun
 22842 | D:12     | Reached skill level 10 in Dodging
 22842 | D:12     | Reached XP level 15. HP: 40/92 MP: 21/27
 22903 | D:12     | Noticed Maurice
 22912 | D:12     | Killed Maurice
 22931 | D:12     | Reached skill level 1 in Evocations
 23569 | D:12     | Identified the +8 battleaxe "Wamoqaem" {vorpal, Str+3 Int+3
                  | Stlth+}
 23571 | D:12     | Identified the +8 trident of Demonic Valour {freeze, rPois
                  | rN+ Dex-4 SInv}
 23575 | D:12     | Identified the +11 arbalest "Wockisch" {penet, Str+5}
 23594 | D:12     | Identified the +0 helmet of Liberalism {rC+ Regen+}
 23599 | D:12     | Identified the +3 shortbow of Zojarruf {flame, Drain rN+++
                  | Will+ Dex+2}
 23602 | D:12     | Lost mutation: You have large cloven feet. [potion of
                  | mutation]
 23602 | D:12     | Lost mutation: You have a pair of small antennae on your
                  | head. [potion of mutation]
 23602 | D:12     | Lost mutation: You are partially covered in iridescent
                  | scales. (AC +2) [potion of mutation]
 23602 | D:12     | Gained mutation: Your flesh is heat resistant. (rF+)
                  | [potion of mutation]
 23602 | D:12     | Gained mutation: Your magical capacity is low. (-10% MP)
                  | [potion of mutation]
 24150 | D:13     | Reached skill level 18 in Invocations
 24347 | D:13     | Found a gate to the Vaults.
 24407 | D:13     | Noticed Kirke
 24409 | D:13     | Reached skill level 5 in Evocations
 24429 | D:13     | Killed Kirke
 24484 | D:13     | Noticed Frances
 24508 | D:13     | Killed Frances
 25113 | D:14     | Found a hide-covered altar of Uskayaw.
 25478 | D:15     | Entered Level 15 of the Dungeon
 25488 | D:15     | Noticed Nessos
 25548 | D:15     | Killed Nessos
 25995 | D:15     | Reached skill level 19 in Invocations
 26060 | D:15     | Reached XP level 16. HP: 80/97 MP: 26/26
 26494 | D:15     | Found a staircase to the Depths.
 26624 | Depths:1 | Entered Level 1 of the Depths
 26900 | Snake:1  | Entered Level 1 of the Snake Pit
 27324 | Snake:1  | Noticed Aizul
 27342 | Snake:1  | Killed Aizul
 27389 | Snake:1  | Reached skill level 20 in Invocations
 27498 | Snake:1  | Found a bloodstained altar of Trog.
 27641 | Snake:1  | Found Nyexoch's Weapon Boutique.
 28165 | Snake:1  | Noticed a Brimstone Fiend
 28482 | Snake:2  | Found a runed translucent door.
 28484 | Snake:2  | Noticed gdog's ghost (adept GnDe)
 28973 | Snake:2  | Killed gdog's ghost
 29028 | Snake:3  | Reached skill level 10 in Evocations
 29338 | Snake:3  | Found an ornate altar of the Wu Jian Council.
 29751 | Snake:4  | Entered Level 4 of the Snake Pit
 29801 | Snake:4  | Reached XP level 17. HP: 103/103 MP: 28/28
 29817 | Snake:4  | Found Xomojeut's Assorted Antiques.
 29832 | Snake:4  | Found Yrakov's Jewellery Boutique.
 29832 | Snake:4  | Found Osyt Foy's Distillery.
 29853 | Snake:4  | Found Dohodaup's Jewellery Shop.
 29858 | Snake:4  | Bought a scroll of poison for 124 gold pieces
 29858 | Snake:4  | Bought a potion of curing for 93 gold pieces
 29868 | Snake:4  | Bought a potion of heal wounds for 75 gold pieces
 29868 | Snake:4  | Bought a potion of curing for 45 gold pieces
 29868 | Snake:4  | Bought a potion of curing for 45 gold pieces
 29868 | Snake:4  | Bought a potion of might for 60 gold pieces
 29868 | Snake:4  | Bought 2 potions of might for 120 gold pieces
 30113 | Snake:4  | Reached skill level 21 in Invocations
 30244 | Snake:4  | Noticed Vashnia
 30285 | Snake:4  | Killed Vashnia
 30537 | Snake:4  | Got a serpentine rune of Zot
 31148 | Swamp:1  | Entered Level 1 of the Swamp
 31314 | Swamp:1  | Found a frozen archway.
 31344 | IceCv    | Entered an ice cave
 31359 | IceCv    | Reached skill level 22 in Invocations
 31469 | IceCv    | Reached ****** piety under Qazlal
 31560 | IceCv    | Reached XP level 18. HP: 63/115 MP: 29/29
 31903 | Swamp:1  | Found a shimmering altar of Xom.
 33213 | Swamp:3  | Reached skill level 15 in Fighting
 33213 | Swamp:3  | Reached skill level 23 in Invocations
 33231 | Swamp:3  | Noticed Mara
 33256 | Swamp:3  | Noticed greasedhog's illusion
 33272 | Swamp:3  | Killed Mara
 33328 | Swamp:3  | Noticed Bai Suzhen
 33348 | Swamp:3  | Killed Bai Suzhen
 33660 | Swamp:4  | Entered Level 4 of the Swamp
 33960 | Swamp:4  | Got a decaying rune of Zot
 34225 | Swamp:4  | Noticed Roxanne
 34248 | Swamp:4  | Killed Roxanne
 34257 | Swamp:4  | Identified the ring "Ellal" {rF- rN+ Will++ Dex+6}
 34622 | Vaults:1 | Entered Level 1 of the Vaults
 34653 | Vaults:1 | Reached XP level 19. HP: 50/124 MP: 31/31
 34948 | Vaults:1 | Found a huge runed gate.
 34949 | Vaults:1 | Found a huge runed gate.
 34953 | Vaults:1 | Found a huge runed gate.
 34953 | Vaults:1 | Found a huge runed gate.
 34977 | Vaults:1 | Found a huge runed gate.
 34985 | Vaults:1 | Found a huge runed gate.
 34985 | Vaults:1 | Found a huge runed gate.
 34985 | Vaults:1 | Found a huge runed gate.
 34986 | Vaults:1 | Found a huge runed gate.
 34986 | Vaults:1 | Found a huge runed gate.
 34986 | Vaults:1 | Found a huge runed gate.
 34986 | Vaults:1 | Found a huge runed gate.
 34986 | Vaults:1 | Found a huge runed gate.
 34987 | Vaults:1 | Found a huge runed gate.
 34988 | Vaults:1 | Found a huge runed gate.
 34989 | Vaults:1 | Found a huge runed gate.
 34990 | Vaults:1 | Found a huge runed gate.
 34998 | Vaults:1 | Found a huge runed gate.
 34998 | Vaults:1 | Found a huge runed gate.
 34998 | Vaults:1 | Found a huge runed gate.
 34998 | Vaults:1 | Found a huge runed gate.
 34998 | Vaults:1 | Found a huge runed gate.
 34998 | Vaults:1 | Found a huge runed gate.
 34999 | Vaults:1 | Found a huge runed gate.
 35083 | Vaults:1 | Found a huge runed gate.
 35118 | Vaults:1 | Found a huge runed gate.
 35126 | Vaults:1 | Found a huge runed gate.
 35126 | Vaults:1 | Found a huge runed gate.
 35126 | Vaults:1 | Found a huge runed gate.
 35126 | Vaults:1 | Found a huge runed gate.
 35126 | Vaults:1 | Found a huge runed gate.
 35126 | Vaults:1 | Found a huge runed gate.
 35127 | Vaults:1 | Found a huge runed gate.
 35137 | Vaults:1 | Reached skill level 24 in Invocations
 35417 | Vaults:1 | Found a huge runed gate.
 35418 | Vaults:1 | Found a huge runed gate.
 35426 | Vaults:1 | Found a huge runed gate.
 35745 | Vaults:1 | Noticed a hellephant
 35746 | Vaults:1 | Noticed a hellephant
 35762 | Vaults:1 | Killed a hellephant
 35764 | Vaults:1 | Killed a hellephant
 35984 | Vaults:2 | You are sucked into a shaft and drop 2 floors!
 36180 | Vaults:4 | Reached XP level 20. HP: 105/129 MP: 32/32
 36186 | Vaults:4 | Reached skill level 25 in Invocations
 36328 | Vaults:3 | Reached skill level 15 in Armour
 36545 | Vaults:3 | Reached skill level 1 in Shields
 36928 | Vaults:2 | Reached skill level 5 in Shields
 37158 | Vaults:2 | Found a staircase to the Crypt.
 38040 | Vaults:3 | Reached skill level 26 in Invocations
 38149 | Vaults:3 | Identified 3 scrolls of acquirement
 38150 | Vaults:3 | Acquired 579 gold pieces
 38152 | Vaults:3 | Acquired 1187 gold pieces
 38154 | Vaults:3 | Acquired the +4 kite shield "Kurueff" {*Corrode rN+ Str+4}
 39139 | Vaults:4 | Paralysed by a great orb of eyes for 5 turns
 39155 | Vaults:4 | Reached XP level 21. HP: 108/134 MP: 34/34
 39191 | Vaults:4 | Identified the +4 ring mail of Ydeink {Regen+ Int+3}
 39206 | Vaults:4 | Paralysed by a great orb of eyes for 3 turns
 39585 | Vaults:4 | Reached skill level 10 in Shields
 40554 | Depths:1 | Reached skill level 27 in Invocations
 40692 | Depths:1 | Found a sacrificial altar of Ru.
 40723 | Depths:1 | Found Plog's Book Shoppe.
 41023 | Depths:1 | Found a gateway to Hell.
 41268 | Depths:1 | Found a hazy altar of Hepliaklqana.
 41408 | Depths:2 | Found a portal to a secret trove of treasure.
 41624 | Depths:2 | Found a one-way gateway to a ziggurat.
 41644 | Depths:2 | Found a one-way gate to the infinite horrors of the Abyss.
 41665 | Depths:2 | Reached XP level 22. HP: 120/142 MP: 35/35
 41996 | Depths:2 | Found a one-way gate leading to the halls of Pandemonium.
 43234 | Depths:2 | Reached skill level 15 in Shields
 43375 | Depths:3 | Identified the ring "Kybo" {Ice rElec}
 43375 | Depths:3 | Noticed Josephina
 43788 | Depths:3 | Noticed Grunn
 43856 | Depths:2 | Killed Grunn
 43926 | Depths:3 | Reached XP level 23. HP: 113/153 MP: 27/36
 43943 | Depths:2 | Killed Josephina
 44289 | Depths:3 | Identified the +3 shortbow "Zaqieh" {freeze, Str+6}
 45005 | Depths:4 | Entered Level 4 of the Depths
 45255 | Depths:4 | Found an iron altar of Okawaru.
 45350 | Depths:4 | Noticed Frederick
 45357 | Depths:4 | Killed Frederick
 45455 | Depths:4 | Found a gate to the Realm of Zot.
 45466 | Depths:4 | Noticed a golden dragon
 45478 | Depths:4 | Killed a golden dragon
 46398 | Vaults:5 | Entered Level 5 of the Vaults
 46405 | Vaults:5 | Noticed Margery
 46425 | Vaults:5 | Reached XP level 24. HP: 99/164 MP: 28/36
 46430 | Vaults:5 | Killed Margery
 47169 | Vaults:5 | Identified the +6 plate armour "Putass" {Str+5 Stlth+}
 47182 | Vaults:5 | Found Yntores's Distillery.
 47184 | Vaults:5 | Found the +3 giant club "Skullcrusher" {speed, Str+7}
 47192 | Vaults:5 | Bought a potion of berserk rage for 95 gold pieces
 47192 | Vaults:5 | Bought 2 potions of curing for 114 gold pieces
 47192 | Vaults:5 | Bought a potion of ambrosia for 152 gold pieces
 47192 | Vaults:5 | Bought a potion of haste for 190 gold pieces
 47192 | Vaults:5 | Bought a potion of haste for 190 gold pieces
 47192 | Vaults:5 | Bought a potion of ambrosia for 152 gold pieces
 47359 | Vaults:5 | Identified the +8 short sword of a wizard's laboratory
                  | {distort, rPois}
 47564 | Vaults:5 | Noticed a dread lich
 47579 | Vaults:5 | Killed a dread lich
 47621 | Vaults:5 | Identified the +6 chain mail of Negligence {rF+}
 47647 | Vaults:5 | Got a silver rune of Zot
 47657 | Vaults:5 | Found the +7 mace of Variability {chain chaos}
 47731 | Vaults:5 | Identified the +1 scale mail of Lesser Demons {Int+2
                  | Stlth+}
 47756 | Vaults:5 | Identified the +8 spear of Noloih {flame, rN+}
 48294 | Zot:1    | Entered Level 1 of the Realm of Zot
 48504 | Zot:1    | Noticed a Killer Klown
 48514 | Zot:1    | Noticed a Killer Klown
 48532 | Zot:1    | Killed a Killer Klown
 48555 | Zot:1    | Killed a Killer Klown
 48678 | Zot:1    | Reached XP level 25. HP: 100/175 MP: 36/36
 49023 | Zot:1    | Noticed Vv
 49062 | Zot:1    | Killed Vv
 50900 | Zot:3    | Noticed a Killer Klown
 50923 | Zot:3    | Killed a Killer Klown
 52025 | Zot:4    | Reached XP level 26. HP: 80/186 MP: 26/36
 53090 | Zot:5    | Entered Level 5 of the Realm of Zot
 53224 | Zot:5    | Found a corrupted altar of Lugonu.
 53412 | Zot:5    | Noticed a dread lich
 53429 | Zot:5    | Killed a dread lich
 53453 | Zot:5    | Noticed a dread lich
 53467 | Zot:5    | Killed a dread lich
 53476 | Zot:5    | Noticed an orb of fire
 53483 | Zot:5    | Gained mutation: Your natural rate of healing is unusually
                  | fast. [an orb of fire]
 53490 | Zot:5    | Noticed a Killer Klown
 53494 | Zot:5    | Killed an orb of fire
 53501 | Zot:5    | Noticed a Killer Klown
 53515 | Zot:5    | a Killer Klown changed into a titan
 53535 | Zot:5    | Killed a Killer Klown
 53536 | Zot:5    | Noticed a Killer Klown
 53555 | Zot:5    | Killed a Killer Klown
 53564 | Zot:5    | Noticed a Killer Klown
 53686 | Zot:5    | Killed a Killer Klown
 53741 | Zot:5    | Noticed a Killer Klown
 53755 | Zot:5    | Killed a Killer Klown
 53774 | Zot:5    | Noticed a Killer Klown
 53788 | Zot:5    | Killed a Killer Klown
 53884 | Zot:5    | Noticed a Killer Klown
 53895 | Zot:5    | Noticed a Killer Klown
 53895 | Zot:5    | Gained mutation: You occasionally lose the ability to read
                  | scrolls when taking damage. [mutagenic glow]
 53897 | Zot:5    | Killed a Killer Klown
 53900 | Zot:5    | Noticed a Killer Klown
 53902 | Zot:5    | Noticed an orb of fire
 53908 | Zot:5    | a Killer Klown changed into an iron giant
 53921 | Zot:5    | Killed an orb of fire
 53923 | Zot:5    | Killed a Killer Klown
 53924 | Zot:5    | Reached XP level 27. HP: 152/196 MP: 10/36
 53931 | Zot:5    | Gained mutation: You are clumsy. (Dex -2) [mutagenic glow]
 53947 | Zot:5    | Noticed a dread lich
 53950 | Zot:5    | Got the Orb of Zot
 53972 | Zot:5    | Killed a dread lich
 53977 | Zot:5    | Noticed a dread lich
 54029 | Zot:5    | Killed a dread lich
 54155 | Zot:3    | Gained mutation: You sometimes lose the ability to read
                  | scrolls when taking damage. [a cacodemon]
 54157 | Zot:3    | Gained mutation: Your spells are a little easier to cast,
                  | but a little less powerful. [a cacodemon]
 54345 | Depths:2 | Noticed Meomuz the pandemonium lord
 54348 | Depths:2 | Lost mutation: Your magical capacity is low. (-10% MP) [a
                  | neqoxec]
 54372 | Depths:2 | Killed Meomuz the pandemonium lord
 54787 | D:$      | Escaped with the Orb!

Illustrated notes

Levels and vault maps discovered:
D:1:      dpeg_arrival_short_road, layout_rooms,
          hellmonk_ecumenical_altar_run_dry
D:2:      layout_basic
D:3:      layout_basic, palyth_temple_overflow_mages,
          mainiacjoe_overflow_concentric_impassable, minmay_cut_off
D:4:      layout_basic, led_xom_imps, mainiacjoe_overflow_brackets,
          enter_ossuary_2, minmay_bent
D:5:      lemuel_ratsnest, layout_basic, lemuel_round_altar, uniq_sigmund
D:6:      layout_loops_cross, old_standard_altar, grunt_decor_resistance
D:7:      layout_layer_cave, mainiacjoe_overflow_paths,
          minmay_temple_entry_slanted, dreamdust_gnoll_shepherd
D:8:      layout_rooms, hex_large
D:9:      layout_basic, hiddenorc2_lemuel
D:10:     layout_loops_ring, kennysheep_mini_moat,
          gammafunk_temple_overflow_wave, gammafunk_ghost_spectres,
          serial_bayou_lake_a
D:11:     layout_cross, dpeg_oklobed_lair, uniq_nergalle
D:12:     giant_chief_lemuel, layout_basic, minmay_holes, uniq_maurice,
          uniq_jorgrun
D:13:     layout_basic, grunt_vaults_entry_fortified, uniq_frances, uniq_kirke
D:14:     layout_roguey, nicolae_uskayaw_dance_hall
D:15:     grunt_enter_depths_hoard, layout_stronghold, kennysheep_crisscross,
          uniq_nessos
Temple:   nicolae_temple_two_arcs
Lair:1:   layout_chaotic_city, gauntlet_entry_generic, nicolae_lair_lil_pond
Lair:2:   layout_concentric_octagons, minmay_swamp_entry_reptiles,
          grunt_megastairs_5, uniq_gastronok
Lair:3:   gammafunk_worm_tunnel, layout_concentric_octagons,
          guppyfry_snake_entry_island, basic_altar
Lair:4:   layout_loops_ring, slime_entry_1, grunt_megastairs_4,
          serial_bayou_shore_a
Lair:5:   grunt_lair_end_beastmaster, layout_loops_ring, lemuel_fruit_fields,
          lemuel_fruit_fields
Swamp:1:  layout_basic_swamp, portal_ice_cave_entry_ice_statue_one,
          nicolae_swamp_godswood
Swamp:2:  nzn_winding_woodlands_medium [nzn_winding_woodlands_5x5_default,
          nzn_winding_woodlands_5x15_pathside_ponds,
          nzn_winding_woodlands_5x5_checkerboard,
          nzn_winding_woodlands_5x5_cross,
          nzn_winding_woodlands_center_diamonds,
          nzn_winding_woodlands_5x5_three,
          nzn_winding_woodlands_5x5_closed_star,
          nzn_winding_woodlands_5x15_concentric,
          nzn_winding_woodlands_5x5_perimeter], layout_basic_swamp,
          evilmike_swamp_ruin_house_3, swamp_pool1
Swamp:3:  layout_falls_marsh, evilmike_swamp_ruin_house_2, uniq_bai_suzhen,
          uniq_mara
Swamp:4:  swamp_icy, layout_basic_swamp, swamp_pool3, roderic_carrion_pond,
          uniq_roxanne
Snake:1:  layout_onion_interference, serial_shops, nicolae_shop_hallway_stairs,
          basic_altar, evilmike_ambush [evilmike_ambush_outer_doors,
          evilmike_ambush_inner_basic], uniq_aizul
Snake:2:  layout_basic, ebering_ghost_reflecting_pool
Snake:3:  layout_gridlike, basic_altar
Snake:4:  minmay_snake_end_coiled, layout_cave_pods, serial_bayou_pond_b,
          nrook_guardian_serpent_ordinary, minmay_shoptagon, uniq_vashnia
Orc:1:    layout_diamond_mine, basic_altar, serial_shops, shop
Orc:2:    st_orc_elflike, layout_caves, basic_altar
Vaults:1: not_door_vault_due, vaults_dpeg_cross, nicolae_vaults_rhombus_5,
          v_misc_24, hangedman_vaults_unwind, ontoclasm_vaults_gateway,
          vaults_room_corners, grunt_vaults_hallway_long, grunt_vaults_diagonal,
          nicolae_vaults_specimen_jars, vaults_room_door_ring,
          vaults_room_door_ring, nicolae_vaults_angled_halls,
          layout_vaults_omnicross
Vaults:2: minmay_crypt_entry_vampire_xt, vaults_room_large_hall,
          nicolae_vaults_circle_grid_b, hangedman_vaults_variations,
          ontoclasm_vaults_eye, grunt_vaults_twisty, v_pattern_4,
          hangedman_vaults_stream, v_misc_24, vaults_room_semicircle,
          ontoclasm_vaults_shuriken, layout_vaults_big_room, serial_glass
Vaults:3: mu_enter_wizlab_5, vaults_standard_mumra_x,
          nicolae_vaults_border_crossing, ontoclasm_vaults_bender,
          vaults_room_grid, hangedman_vaults_trim, v_misc_9, vaults_room_fours,
          layout_vaults_omnigrid
Vaults:4: nicolae_vaults_big_angled_halls, nicolae_vaults_murderbox, v_misc_3,
          v_rooms_6, v_pattern_3, v_misc_29, nicolae_vaults_angled_halls,
          nicolae_vaults_little_squares_2, v_misc_1, hangedman_vaults_stagger,
          nicolae_vaults_big_angled_halls, serial_ice_h, layout_vaults_omnibox
Vaults:5: serial_shops, uniq_margery
Depths:1: layout_cave_shapes, serial_shops, shop, hellmouth_3,
          nzn_hepliaklqana_mist_gate, kennysheep_cluttered_room,
          nicolae_ru_the_path_less_chosen
Depths:2: hangedman_six_sided_sadism, layout_cave_pools, enter_ziggurat_f,
          abyss_entry_glasseish, grunt_decor_clamped, enter_trove_1, hell_entry,
          serial_sigils, serial_sigils_hangedman_leer,
          serial_sigils_hangedman_scar, rand_demon_pan_entry_3
Depths:3: minmay_box_of_statues, layout_cave_shapes, hell_entry, abyss_entry,
          drop_trap, infiniplex_staircase_trident, uniq_josephina, uniq_grunn
Depths:4: grunt_zot_entry_tricorne, layout_twisted_cross, hell_entry,
          abyss_entry, lemuel_round_altar, serial_bayou_shore_b,
          serial_bayou_shore_b, uniq_frederick
Zot:1:    grunt_zot_stairs_faceoff, layout_gridlike, skrybe_zot_glass_3, uniq_vv
Zot:2:    layout_onion_interference, bh_zot_lava_cross
Zot:3:    layout_gridlike
Zot:4:    layout_concentric_octagons, zot_minivault_1
Zot:5:    layout_basic, amcnicky_altar_lugonu_corruption

Skill      XL: |  1  2  3  4  5  6  7  8  9 10 11 12 13 14 15 16 17 18 19 20 21 22 23 24 25 26 27 |
---------------+----------------------------------------------------------------------------------+-----
Fighting       | 4 5 8 10 13 15 16 18 20 22 24 26 | 26.8
Maces & Flails | 3 4 5 6 8 10 11 12 | 12.0
Armour         | 1 3 5 6 8 10 11 14 15 16 18 20 22 24 25 | 25.4
Dodging        | 2 5 7 10 | 10.0
Invocations    | 3 7 10 13 15 17 19 20 22 23 24 26 27 | 27.0
Evocations     | 7 10 | 10.3
Shields        | 8 12 15 | 15.0
Stealth        | |  5.5

Action                   |  1- 3 |  4- 6 |  7- 9 | 10-12 | 13-15 | 16-18 | 19-21 | 22-24 | 25-27 || total
-------------------------+-------+-------+-------+-------+-------+-------+-------+-------+-------++-------
Melee: Mace              |   107 |    86 |    15 |   349 |   503 |   142 |       |       |       ||  1202
       Punch             |     1 |     1 |    15 |    22 |    36 |       |       |       |       ||    75
       Dagger            |       |   113 |   792 |       |       |       |       |       |       ||   905
       Kick              |       |       |       |   314 |   796 |       |       |       |       ||  1110
       Whip              |       |       |       |   575 |  1424 |       |       |       |       ||  1999
       Demon whip        |       |       |       |       |       |  1543 |  1537 |  1764 |  1622 ||  6466
       Unarmed           |       |       |       |       |       |       |       |       |     2 ||     2
Throw: Throwing net      |       |     3 |     1 |       |       |       |       |       |       ||     4
Invok: Upheaval          |       |       |       |     6 |     8 |    17 |    11 |     5 |    15 ||    62
       Elemental Force   |       |       |       |     1 |     1 |     2 |     2 |     1 |       ||     7
       Disaster Area     |       |       |       |       |     4 |       |     3 |     9 |     6 ||    22
Evoke: Wand              |       |       |     8 |    42 |     1 |       |       |       |     3 ||    54
       Lightning rod     |       |       |       |       |       |       |       |     3 |       ||     3
  Use: Scroll            |     2 |     5 |     2 |    10 |     8 |    16 |     6 |     4 |     7 ||    60
       Potion            |       |     5 |     2 |     7 |     3 |     4 |       |     2 |     1 ||    24
 Stab: Sleeping          |     3 |     8 |     1 |       |       |       |       |       |       ||    12
       Invisible         |       |     2 |       |     1 |       |       |       |       |       ||     3
       Held in net/web   |       |     1 |     2 |       |       |       |       |       |       ||     3
       Distracted        |       |     1 |       |       |       |     2 |       |     2 |       ||     5
       Petrified         |       |       |       |       |    26 |       |       |       |       ||    26
       Paralysed         |       |       |       |       |     1 |     2 |     2 |       |       ||     5
       Petrifying        |       |       |       |       |     1 |       |       |       |       ||     1
Armor: Leather armour    |    17 |       |       |       |       |       |       |       |       ||    17
       Ring mail         |    53 |    89 |   364 |   205 |       |       |       |    92 |       ||   803
       Scale mail        |     9 |       |       |       |       |       |       |       |       ||     9
       Chain mail        |       |       |       |    91 |   766 |   685 |   582 |   370 |       ||  2494
       Plate armour      |       |       |       |       |       |       |       |    89 |   541 ||   630
       Skin              |       |       |       |       |       |       |       |       |     1 ||     1
Dodge: Dodged            |    93 |    98 |   454 |   341 |   807 |   582 |   451 |   426 |   370 ||  3622
       Repelled          |       |       |       |    10 |    19 |    45 |     7 |    26 |    36 ||   143
Block: Other             |       |       |    47 |   167 |   287 |       |       |       |     5 ||   506
       Kite shield       |       |       |       |       |   367 |  1478 |  1821 |  1884 |  1639 ||  7189
       Reflection        |       |       |       |       |       |       |    56 |    39 |    31 ||   126

Table legend: (Time is in decaauts)
 A = Elapsed time spent in this place.
 B = Non-inter-level travel time spent in this place.
 C = Inter-level travel time spent in this place.
 D = Time resting spent in this place.
 E = Time spent auto-exploring this place.
 F = Levels seen in this place.
 G = Mean time per level.
                   A        B        C        D        E       F      G
               +--------+--------+--------+--------+--------+-----+--------+
         Total |  51487 |  47510 |   3977 |   6465 |  27013 |  47 | 1095.5 |
       Dungeon |  20153 |  18506 |   1647 |   4641 |   9054 |  15 | 1343.5 |
        Temple |      1 |      1 |      0 |      0 |      0 |   1 |    1.0 |
          Lair |   5318 |   4932 |    386 |    536 |   3053 |   5 | 1063.6 |
         Swamp |   2699 |   2594 |    105 |     38 |   1729 |   4 |  674.8 |
     Snake Pit |   3663 |   3452 |    211 |    120 |   2351 |   4 |  915.8 |
  Orcish Mines |   1242 |   1173 |     69 |     61 |    794 |   2 |  621.0 |
        Vaults |   6976 |   6358 |    618 |    206 |   4275 |   5 | 1395.2 |
        Depths |   5375 |   4703 |    672 |    704 |   2496 |   4 | 1343.8 |
           Zot |   5272 |   5007 |    265 |    138 |   2958 |   5 | 1054.4 |
      Ice Cave |    367 |    367 |      0 |     20 |    135 |   1 |  367.0 |
      Gauntlet |    414 |    414 |      0 |      0 |    168 |   1 |  414.0 |
               +--------+--------+--------+--------+--------+-----+--------+

Top non-repeatable levels by time:
Depths:2: 2482 daAuts
     D:5: 2381 daAuts
    D:10: 2371 daAuts
     D:7: 2086 daAuts
Vaults:3: 1680 daAuts
    D:15: 1567 daAuts
   Zot:1: 1452 daAuts
  Lair:3: 1444 daAuts
Vaults:5: 1391 daAuts
Vaults:2: 1386 daAuts
     D:3: 1378 daAuts
Vaults:1: 1299 daAuts
     D:9: 1258 daAuts
Vaults:4: 1218 daAuts
 Snake:4: 1213 daAuts
